 Dungeon Crawl Stone Soup version 0.28-a0-845-gfc338a8e3c (webtiles) character file.

Game seed: 6392208137261609474

4 BinkBink the Insei (level 1, -1/14 HPs)
             Began as a Vampire Transmuter on Nov 13, 2021.
             Frozen to death by an endoplasm (5 damage)
             ... on level 1 of the Dungeon.
             The game lasted 00:00:26 (151 turns).

BinkBink the Insei (Vampire Transmuter)              Turns: 151, Time: 00:00:27

Health: -1/14      AC:  2    Str:  9    XL:     1   Next: 50%
Magic:  1/3        EV:  9    Int: 15    God:
Gold:   0          SH:  0    Dex: 14    Spells: 3/4 levels left

rFire   . . .      SeeInvis +     - Unarmed
rCold   . . .      Faith    .   (no shield)
rNeg    . . .      Spirit   .   a - +0 robe
rPois   .          Reflect  .   (helmet currently unavailable)
rElec   .          Harm     .   (no cloak)
rCorr   .          Rampage  .   (no gloves)
Will    .....                   (boots currently unavailable)
Stlth   +.........              (no amulet)
HPRegen 0.24/turn               (no ring)
MPRegen 0.08/turn               (no ring)

@: appendages (expiring), healing quickly, constricted
A: horns 2, talons 2, alive, fangs 3, see invisible, vampiric 1
a: Exsanguinate, End Transformation


You were on level 1 of the Dungeon.
You had temporarily grown beastly horns and talons.
You visited 1 branch of the dungeon, and saw 1 of its levels.

Inventory:

Armour
 a - a +0 robe (worn)
Scrolls
 b - a scroll of enchant armour {unknown}


   Skills:
 + Level 0.8 Fighting
 + Level 2.2 Dodging
 + Level 3.4 Unarmed Combat
 + Level 2.0 Spellcasting
 + Level 2.3 Transmutations


You had 3 spell levels left.
You knew the following spells:

 Your Spells              Type           Power      Damage    Failure   Level
a - Beastly Appendage     Tmut           16%        N/A       9%          1

Your spell library contained the following spells:

 Spells                   Type           Power      Damage    Failure   Level
 Wereblood                Tmut           8%         N/A       13%         2
 Spider Form              Tmut/Pois      5%         N/A       38%         3
 Ice Form                 Ice/Tmut       5%         N/A       80%         4


Dungeon Overview and Level Annotations

Branches:
Dungeon (1/15)

Altars:


Innate Abilities, Weirdness & Mutations

You have temporarily grown beastly horns and talons.
Your natural rate of healing is accelerated.
You have razor-sharp teeth.
You have supernaturally acute eyesight. (SInv)
You are afflicted with vampirism.


Message History

You miscast Beastly Appendage.
Nothing appears to happen.
The frilled lizard closely misses you. The ball python bites you.
The ball python grabs you. The ball python constricts you.
You grow a pair of large bovine horns.
Your feet morph into talons.
The ball python bites you. The ball python constricts you.
The frilled lizard bites you but does no damage.
You hit the ball python.
You claw the ball python, but do no damage.
The ball python is severely wounded.
The ball python closely misses you. The ball python constricts you.
The endoplasm completely misses you. The frilled lizard bites you.
You barely miss the ball python. Your kick misses the ball python.
The ball python is severely wounded.
The ball python barely misses you. The ball python constricts you.
The endoplasm closely misses you. The frilled lizard closely misses you.
You closely miss the ball python. Your kick misses the ball python.
Your headbutt misses the ball python.
The ball python is severely wounded.
The ball python bites you. The ball python constricts you.
The endoplasm freezes you.
You are frozen.
The frilled lizard closely misses you.
You are too injured to fight recklessly!
You escape the ball python's grasp.
Your transformation is almost over.
The endoplasm jiggles.
The ball python bites you but does no damage.
The ball python completely misses you.
Your magical contamination has completely faded away.
The ball python barely misses you. x2; The ball python misses you.
The ball python grabs you. The ball python constricts you.
You hit the ball python but do no damage.
The ball python is severely wounded.
The endoplasm freezes you.
You are frozen.
The ball python closely misses you. The ball python constricts you.
* * * LOW HITPOINT WARNING * * *
The ball python's grasp on you weakens, but your attempt to escape fails.
The endoplasm freezes you.
You are frozen.
You die...

#.........# ..#..
###.#.#.### .##...
#.....# . ######.###.#
.#.# #.......# ## .#.#
...#####.#########...##
#.##............
#.##............
###@##............
#.JS##............
#..l..............
#...................
#.........#######..>..
...........# #...
............ ..
............. .
.............#


You could see an endoplasm, a ball python and a frilled lizard.

Vanquished Creatures
  A goblin (D:1)
  A hobgoblin (D:1)
  A ball python (D:1)
  A kobold (D:1)
4 creatures vanquished.

Notes
Turn   | Place    | Note
-------+----------+-------------------------------------------
     0 | D:1      | BinkBink the Vampire Transmuter began the quest for the
                  | Orb.
     0 | D:1      | Reached XP level 1. HP: 14/14 MP: 3/3
   151 | D:1      | Frozen to death by an endoplasm

Illustrated notes

Levels and vault maps discovered:
D:1:      roderic_chinese_lattice_arrival, layout_basic, basic_ecumenical_altar,
          serial_bayou_pond_c, serial_bayou_crossing

Action                   || total
-------------------------++-------
Melee: Unarmed           ||    17
       Kick              ||     6
       Headbutt          ||     3
       Bite              ||     1
 Cast: Beastly Appendage ||     4
Armor: Robe              ||     3
Dodge: Dodged            ||    21

Table legend: (Time is in decaauts)
 A = Elapsed time spent in this place.
 B = Non-inter-level travel time spent in this place.
 C = Inter-level travel time spent in this place.
 D = Time resting spent in this place.
 E = Time spent auto-exploring this place.
 F = Levels seen in this place.
 G = Mean time per level.
                   A        B        C        D        E       F      G
               +--------+--------+--------+--------+--------+-----+--------+
         Total |    150 |    150 |      0 |      0 |    102 |   1 |  150.0 |
       Dungeon |    150 |    150 |      0 |      0 |    102 |   1 |  150.0 |
               +--------+--------+--------+--------+--------+-----+--------+

Top non-repeatable levels by time:
     D:1: 150 daAuts
